 Dungeon Crawl Stone Soup version 0.16-a0-3684-g951c262 (webtiles) character file.

169361 Herrn the Executioner (level 17, -4/113 HPs)
             Began as a Gargoyle Berserker on Jan 16, 2015.
             Was the Champion of Trog.
             Blown up by an orb spider (31 damage)
             ... with an orb of destruction
             ... on level 5 of the Spider Nest on Jan 18, 2015.
             The game lasted 02:29:59 (34850 turns).

Herrn the Executioner (Gargoyle Berserker)         Turns: 34850, Time: 02:29:59

Health: -4/113     AC: 40    Str: 25      XL:     17   Next: 96%
Magic:  13/17      EV: 12    Int: 14 (15) God:    Trog [******]
Gold:   4148       SH:  0    Dex: 17      Spells: 0 memorised, 16 levels left

rFire  + . .     SeeInvis +     T - +6 executioner's axe (venom)
rCold  + . .     Clarity  .     C - +4 plate armour {rF+}
rNeg   + . .     SustAb   .     (no shield)
rPois  ∞         Gourm    .     k - +1 helmet {SInv}
rElec  +         Spirit   .     U - +4 cloak of Brarol {rElec rC+ Stlth+}
rCorr  +         Warding  .     j - +2 pair of gloves {Dex+3}
rMut   .         Stasis   .     B - +1 pair of boots "Boetaosk" {+Blink Str+3}
MR     +....                    X - amulet of resist corrosion
Stlth  ..........               P - ring "Clyip" {Wiz Int+2 Dex+4 Slay+4 SInv Stlth-}
                                (no ring)

@: flying, somewhat resistant to hostile enchantments, extremely unstealthy
A: able to fly continuously, big wings, hooves 1, negative energy resistance 1,
electricity resistance, unbreathing, petrification resistance, rot immunity, AC
+12
a: Stop Flying, Burn Spellbooks, Berserk, Trog's Hand, Brothers in Arms,
Renounce Religion, Evoke Blink


You were on level 5 of the Spider Nest.
You worshipped Trog.
Trog was exalted by your worship.
You were not hungry.

You visited 5 branches of the dungeon, and saw 33 of its levels.
You also visited: Labyrinth, Trove, Ossuary and Ice Cave.

You collected 4313 gold pieces.
You spent 165 gold pieces at shops.

Inventory:

Hand weapons
 p - a +3 executioner's axe of flaming
 D - a +8 antimagic battleaxe
 T - a +6 executioner's axe of venom (weapon)
Armour
 j - a +2 pair of gloves of dexterity (worn)
 k - a +1 helmet of see invisible (worn)
 s - a +0 troll leather armour
 B - the +1 pair of boots "Boetaosk" (worn) {+Blink Str+3}
   (You found it in a treasure trove)

   It affects your strength (+3).
   It lets you blink.
 C - a +4 plate armour of fire resistance (worn)
 U - the +4 cloak of Brarol (worn) {rElec rC+ Stlth+}
   (You found it in a labyrinth)

   It protects you from cold.
   It insulates you from electricity.
   It makes you more stealthy.
Jewellery
 i - an uncursed ring of protection from magic
 t - an uncursed amulet of resist mutation
 u - an uncursed amulet of warding
 v - an uncursed amulet of faith
 y - an uncursed ring of sustain abilities
 M - an uncursed ring of protection from cold
 P - the ring "Clyip" (right hand) {Wiz Int+2 Dex+4 Slay+4 SInv Stlth-}
   (You found it in an ice cave)

   [ring of wizardry]

   It improves your spell success rate.
   It affects your intelligence (+2).
   It affects your dexterity (+4).
   It affects your accuracy and damage with ranged weapons and melee attacks
   (+4).
   It enhances your eyesight.
   It makes you less stealthy.
 R - an uncursed ring of protection from fire
 X - an amulet of resist corrosion (around neck)
Magical devices
 x - a wand of disintegration (13)
Scrolls
 d - 8 scrolls of amnesia
 g - 13 scrolls of teleportation
 h - 3 scrolls of recharging
 n - 4 scrolls of silence
 r - 3 scrolls of blinking
 w - 6 scrolls of remove curse
 E - 2 scrolls of identify
 J - a scroll of fear
 N - a scroll of summoning
 Q - 2 scrolls of magic mapping
 W - a scroll of fog
Potions
 a - 4 potions of agility
 b - 2 potions of restore abilities
 e - 5 potions of curing
 l - 3 potions of might
 m - 3 potions of haste
 q - 8 potions of heal wounds
 z - 4 potions of mutation
 K - a potion of cancellation
 L - a potion of invisibility
 O - 4 potions of brilliance
 S - 5 potions of magic
 Z - 4 potions of berserk rage
Books
 f - a book of Transfigurations

   Spells                             Type                      Level
   a - Stoneskin                      Transmutation/Earth          2
   b - Irradiate                      Conjuration/Transmutation    5
   c - Statue Form                    Transmutation/Earth          6
   d - Hydra Form                     Transmutation                6
   e - Dragon Form                    Transmutation                7
   Trog disapproves of the use of such an item.
 F - a book of Air

   Spells                             Type                      Level
   a - Shock                          Conjuration/Air              1
   b - Swiftness                      Charms/Air                   2
   c - Repel Missiles                 Charms/Air                   2
   d - Flight                         Charms/Air                   3
   e - Static Discharge               Conjuration/Air              3
   f - Lightning Bolt                 Conjuration/Air              5
   Trog disapproves of the use of such an item.
 H - a book of Annihilations This book is beyond your current level of understanding.

   Spells                             Type                      Level
   a - Poison Arrow                   Conjuration/Poison           6
   b - Chain Lightning                Conjuration/Air              8
   c - Lehudib's Crystal Spear        Conjuration/Earth            8
   d - Glaciate                       Conjuration/Ice              9
   e - Fire Storm                     Conjuration/Fire             9
   Trog disapproves of the use of such an item.
 Y - a book of Power

   Spells                             Type                      Level
   a - Fulminant Prism                Conjuration/Hexes            4
   b - Iskenderun's Mystic Blast      Conjuration                  4
   c - Venom Bolt                     Conjuration/Poison           5
   d - Bolt of Magma                  Conjuration/Fire/Earth       5
   e - Iron Shot                      Conjuration/Earth            6
   f - Orb of Destruction             Conjuration                  7
   g - Spellforged Servitor           Conjuration/Summoning        7
   Trog disapproves of the use of such an item.
Comestibles
 c - 14 bread rations
 o - 6 slices of pizza
 A - 16 meat rations
 G - 4 beef jerkies
 I - 7 royal jellies


   Skills:
 + Level 15.4 Fighting
 * Level 22.4 Axes
 - Level 2.1 Armour
 + Level 8.8 Dodging


You had 16 spell levels left.
You didn't know any spells.

Dungeon Overview and Level Annotations

Branches:
Dungeon (15/15)            Temple (1/1) D:6            Lair (8/8) D:10
 Shoals (0/5) Lair:4       Spider (5/5) Lair:5        Slime (0/6) Lair:8
    Orc (4/4) D:12            Elf (0/3) Orc:3        Vaults (0/5) D:13
 Depths (0/5) D:15

Altars:
Ashenzari
Cheibriados
Dithmenos
Elyvilon
Fedhas
Gozag
Kikubaaqudgha
Makhleb
Nemelex Xobeh
Okawaru
Qazlal
Ru
Sif Muna
Trog
Vehumet
Xom
Yredelemnul
Zin
The Shining One
Beogh

Shops:
Orc:1 [   Orc:4 [:(*!

Portals:
Pandemonium: Orc:4

Annotations:
D:14 runed door
Lair:8 runed door


Innate Abilities, Weirdness & Mutations

You are resistant to torment.
You are immune to poison.
You can fly continuously.
Your stone body is very resilient (AC +12).
Your wings are large and strong.
You resist negative energy.
You are resistant to electric shocks.
You can survive without breathing.
You are immune to petrification.
You are immune to rotting.
You have large cloven feet.


Message History

The trapdoor spider bites you but does no damage.
The orb spider weaves a glowing orb of energy.
You disentangle yourself.
The trapdoor spider barely misses you. The trapdoor spider bites you.
The wavering orb of destruction hits you!
* * * LOW HITPOINT WARNING * * *
The trapdoor spider bites you but does no damage.
The trapdoor spider bites you but does no damage.
The orb spider begins to weave its threads into a brightly glowing ball.
The trapdoor spider bites you but does no damage.
The trapdoor spider bites you but does no damage.
You slice the trapdoor spider!!
The trapdoor spider is poisoned.
The trapdoor spider is heavily wounded.
The trapdoor spider barely misses you.
You slice the trapdoor spider!!
You kill the trapdoor spider!
Trog accepts your kill.
The orb spider weaves a glowing orb of energy.
The orb of destruction hits you!
You die...

#............#.##................
#............†.^.........^^^≈....
#...............(^..###########.^
#(...........#.....≈≈^.≈...≈. $
##..........##.../...........
.##........##.....}.^........
..##......##.^.^....^.......
#..##....##....#§§s.≈≈...^.^
##..######......@...#######≈ .
##.......^.....#...^.≈...#####..
#########..####..^^......^....≈
##(...##^.........[....
##....#≈..≈.^....^....
##....^#####^^..≈..... #^.....#
#####^.^.^. #......## #####^≈
###.....#### ##


You could see an orb spider.

Vanquished Creatures
  A frost giant (IceCv)
  An orc warlord (Orc:3)
  4 ghost moths
  Jorgrun (Spider:2)
  2 rakshasas (D:15)
  A stone giant (Orc:4)
  A minotaur (Lab)
  4 vault guards (D:13)
  A fire dragon (Lair:8)
  The ghost of Elizilla the Grappler, a powerful TrMo of Dithmenos (D:11)
  Harold (D:12)
  3 centaur warriors
  An ice dragon (Lair:8)
  Nessos (Orc:4)
  5 hydras
  Erica (D:12)
  11 death yaks
  An ogre mage (D:15)
  3 orc high priests (Orc:4)
  Nergalle (Orc:4)
  A fire crab (Lair:6)
  8 skeletal warriors (D:15)
  Erolcha (D:12)
  3 unseen horrors
  3 orc knights
  2 ice statues
  2 lindwurms (Lair:8)
  9 orb spiders
  A hill giant (D:11)
  2 wizards (D:15)
  A deep elf conjurer (D:14)
  A wolf spider zombie (D:15)
  5 hornets
  10 ugly things
  2 orc sorcerers (Orc:4)
  25 wolf spiders
  2 moths of wrath (Spider:2)
  4 cyclopes
  2 griffons
  9 elephants
  A rust devil (Orc:4)
  Maurice (D:8)
  3 sixfirhies (Orc:4)
  Joseph (D:12)
  A queen ant (Spider:3)
  15 spiny frogs
  A queen ant (shapeshifter) (D:15)
  8 black mambas
  6 torpor snails
  A gargoyle (D:15)
  A smoke demon (Orc:4)
  An efreet (D:14)
  16 komodo dragons
  8 demonic crawlers
  An elf (shapeshifter) (D:13)
  2 fire drakes
  A yaktaur (D:15)
  3 tengu conjurers
  A queen bee (Spider:4)
  21 jumping spiders
  2 two-headed ogres
  4 trolls
  3 giant leeches (Lair:8)
  15 polar bears
  A queen bee (shapeshifter) (D:15)
  7 blink frogs
  12 slime creatures
  4 boulder beetles
  3 ravens (D:14)
  17 trapdoor spiders
  4 deep elf magi
  32 redbacks
  6 basilisks
  A shadow (D:13)
  4 wyverns
  4 wraiths
  29 tarantellas
  A water elemental (D:14)
  Eustachio (D:5)
  9 vampire mosquitoes
  A hungry ghost (D:15)
  33 yaks
  10 hippogriffs
  29 wolves
  The ghost of haldagan the Slasher, an average HEGl (D:3)
  3 deep elf fighters
  4 mottled dragons (Lair:8)
  27 soldier ants
  10 porcupines
  30 orc warriors
  26 spiders
  6 wasps
  3 black bears
  3 wargs
  18 water moccasins
  3 boggarts (D:15)
  2 eyes of draining (D:12)
  12 ice beasts
  2 swamp drakes
  13 ogres
  A boring beetle (Spider:1)
  A big kobold (D:7)
  10 centaurs
  15 crocodiles
  4 phantoms
  2 sky beasts
  18 giant frogs
  2 elf zombies (Ossuary)
  5 brain worms (Lair:8)
  2 wyvern zombies
  2 wyvern skeletons
  9 scorpions
  34 killer bees
  13 wights
  8 electric eels
  3 crimson imps
  3 goliath beetles
  14 hounds
  3 centaur zombies
  A giant frog zombie (D:7)
  24 orc priests
  5 centaur skeletons
  2 human zombies (Ossuary)
  5 jellies
  3 giant frog skeletons
  28 orc wizards
  10 iguanas
  20 worker ants
  2 spectral orcs (Orc:4)
  A killer bee zombie (D:6)
  19 sheep
  Ijyb (D:3)
  4 hound zombies
  A hound skeleton (D:4)
  5 mummies
  7 gnolls (D:8)
  25 adders
  34 river rats
  9 shadow imps
  2 giant mites
  20 worms
  An ufetubus (D:5)
  7 giant geckos
  161 orcs
  2 ball pythons (D:3)
  16 bats
  3 bat skeletons
  7 giant cockroaches
  16 hobgoblins
  2 oozes
  11 quokkas
  A giant gecko skeleton (D:6)
  3 giant newts
  2 giant spores
  20 goblins
  A goblin zombie (Ossuary)
  4 jackals (D:6)
  17 kobolds
  A kobold zombie (Ossuary)
  2 orc zombies (Ossuary)
  A quokka skeleton (D:5)
  18 rats
  A rat zombie (Ossuary)
  3 ballistomycetes
  2 bushes (Lair:6)
  11 fungi
  12 plants (Lair:8)
1328 creatures vanquished.

Vanquished Creatures (collateral kills)
  Arachne (Spider:3)
  A tengu reaver (D:14)
  2 ettins (D:14)
  A deep troll earth mage (D:14)
  A death yak (IceCv)
  3 orc high priests (Orc:4)
  2 infernal demonspawn (Orc:4)
  A sun demon (Orc:4)
  2 orc knights (Orc:4)
  2 torturous demonspawn (Orc:4)
  A wolf spider (Spider:3)
  A hill giant (D:14)
  3 orc sorcerers (Orc:4)
  An efreet (D:14)
  A red devil (Orc:4)
  2 jumping spiders (Spider:3)
  A polar bear (IceCv)
  Prince Ribbit (D:8)
  2 redbacks (Spider:3)
  A shadow (D:14)
  A water elemental (D:14)
  A ynoxinul (Orc:4)
  2 yaks (IceCv)
  5 orc warriors (Orc:4)
  3 orc priests (Orc:4)
  4 orcs (Orc:4)
46 creatures vanquished.

Vanquished Creatures (others)
  A demonic crawler (Spider:1)
  A redback (Spider:5)
  A trapdoor spider (Spider:5)
  A tarantella (Spider:2)
  A black bear (IceCv)
  6 ogres
  A giant frog (D:14)
  A worker ant (D:13)
  An orc (D:12)
  A bat (D:9)
  A giant spore (D:14)
  3 plants
19 creatures vanquished.

Grand Total: 1393 creatures vanquished

Notes
Turn   | Place    | Note
--------------------------------------------------------------
     0 | D:1      | Herrn, the Gargoyle Berserker, began the quest for the Orb.
     0 | D:1      | Reached XP level 1. HP: 14/14 MP: 1/1
   401 | D:1      | Reached XP level 2. HP: 14/19 MP: 2/2
   714 | D:1      | Found a shimmering altar of Xom.
   950 | D:2      | Acquired Trog's second power
  1011 | D:2      | Reached XP level 3. HP: 21/23 MP: 3/3
  1161 | D:2      | Found a sacrificial altar of Ru.
  1717 | D:3      | Noticed Ijyb
  1732 | D:3      | Killed Ijyb
  1732 | D:3      | Reached XP level 4. HP: 29/29 MP: 4/4
  1781 | D:3      | Noticed haldagan's ghost (average HEGl)
  1794 | D:3      | Killed haldagan's ghost
  1794 | D:3      | Reached skill level 4 in Fighting
  1794 | D:3      | Reached XP level 5. HP: 33/33 MP: 5/5
  2217 | D:3      | Reached XP level 6. HP: 32/38 MP: 6/6
  2334 | D:4      | Found a sand-covered staircase.
  2341 | Ossuary  | Entered an ossuary
  2365 | Ossuary  | Reached skill level 5 in Axes
  2404 | Ossuary  | Reached XP level 7. HP: 30/44 MP: 7/7
  2427 | Ossuary  | Reached skill level 5 in Fighting
  3113 | D:4      | Reached skill level 6 in Axes
  3351 | D:4      | Reached XP level 8. HP: 50/50 MP: 8/8
  3741 | D:5      | Entered Level 5 of the Dungeon
  3798 | D:5      | Reached skill level 7 in Axes
  4189 | D:5      | Noticed Eustachio
  4208 | D:5      | Killed Eustachio
  4385 | D:5      | Acquired Trog's third power
  4385 | D:5      | Reached skill level 8 in Axes
  4511 | D:6      | Found a white marble altar of Elyvilon.
  4652 | D:6      | Found a staircase to the Ecumenical Temple.
  4661 | Temple   | Entered the Ecumenical Temple
  4732 | D:6      | Reached XP level 9. HP: 56/56 MP: 9/9
  4796 | D:6      | Found a snail-covered altar of Cheibriados.
  4849 | D:6      | Reached skill level 9 in Axes
  5217 | D:6      | Upgraded the game from 0.16-a0-3643-g096a701 to 0.16-a0-3661-g910cf96
  5610 | D:7      | Got an encrusted ring mail
  5612 | D:7      | Identified the -6 ring mail of the Forgotten Demons {MR++} (You found it on level 7 of the Dungeon)
  5915 | D:7      | Found a deep blue altar of Sif Muna.
  6099 | D:8      | Found a shattered altar of Ashenzari.
  6187 | D:8      | Reached skill level 10 in Axes
  6228 | D:8      | Noticed Maurice
  6230 | D:8      | Noticed a centaur warrior
  6242 | D:8      | Killed a centaur warrior
  6242 | D:8      | Reached XP level 10. HP: 49/64 MP: 10/10
  6250 | D:8      | Killed Maurice
  6250 | D:8      | Reached skill level 11 in Axes
  6328 | D:8      | Noticed Prince Ribbit
  6520 | D:8      | Noticed a tengu conjurer
  6531 | D:8      | Killed a tengu conjurer
  6803 | D:8      | Killed Prince Ribbit
  7196 | D:9      | Received a gift from Trog
  7378 | D:9      | Found an ancient bone altar of Kikubaaqudgha.
  7693 | D:9      | Reached skill level 12 in Axes
  7706 | D:9      | Found a radiant altar of Vehumet.
  7864 | D:9      | Killed an unseen horror
  8002 | D:9      | Reached XP level 11. HP: 49/71 MP: 11/11
  8476 | D:9      | Got a transparent robe
  8532 | D:9      | Found a shadowy altar of Dithmenos.
  8788 | D:10     | Entered Level 10 of the Dungeon
  8859 | D:10     | Found a staircase to the Lair.
  9187 | D:10     | Reached skill level 13 in Axes
  9392 | D:11     | Noticed Elizilla's ghost (powerful TrMo)
  9408 | D:11     | Killed an unseen horror
  9416 | D:11     | Killed Elizilla's ghost
  9474 | D:11     | Found a labyrinth entrance.
  9487 | Lab      | Entered a labyrinth
  9920 | Lab      | Noticed a minotaur
  9928 | Lab      | Killed a minotaur
  9928 | Lab      | Reached skill level 10 in Fighting
  9960 | Lab      | Got an encrusted broad axe
  9960 | Lab      | Got a fine cloak
  9961 | Lab      | Identified the +4 broad axe of Urgency {drain, SInv} (You found it in a labyrinth)
  9972 | Lab      | Identified the +4 cloak of Brarol {rElec rC+ Stlth+} (You found it in a labyrinth)
  9983 | Lab      | Identified the +1 robe "Xonyriel" {HP+9 Str+4 Dex+2} (You found it on level 9 of the Dungeon)
  9988 | Lab      | Got a scorched dagger
  9989 | Lab      | Identified the +8 dagger of Balance {antimagic, rC+ Int+4} (You found it in a labyrinth)
 10066 | D:11     | Killed an unseen horror
 10181 | D:11     | Noticed an eight-headed hydra
 10200 | D:11     | Killed an eight-headed hydra
 10404 | D:11     | Noticed a hill giant
 10409 | D:11     | Killed a hill giant
 10409 | D:11     | Reached skill level 5 in Dodging
 10513 | D:11     | Got a crude robe
 10636 | D:11     | Reached XP level 12. HP: 78/78 MP: 12/12
 10639 | D:11     | Reached skill level 14 in Axes
 10645 | D:11     | Received a gift from Trog
 10678 | D:11     | Identified the cursed -2 robe "Haosima" {rF++ rC+ rN- SInv} (You found it on level 11 of the Dungeon)
 11043 | D:12     | Found a staircase to the Orcish Mines.
 11086 | D:12     | Found a frozen archway.
 11104 | IceCv    | Entered an ice cave
 12008 | IceCv    | Noticed a death yak
 12009 | IceCv    | Noticed a death yak
 12020 | IceCv    | Killed a death yak
 12021 | IceCv    | Reached skill level 15 in Axes
 12036 | IceCv    | Killed a death yak
 12307 | IceCv    | Noticed a frost giant
 12307 | IceCv    | Noticed a death yak
 12320 | IceCv    | Killed a death yak
 12320 | IceCv    | Reached XP level 13. HP: 77/84 MP: 2/13
 12561 | IceCv    | Killed a frost giant
 12574 | IceCv    | Got a fine steel ring
 12575 | IceCv    | Identified the ring "Clyip" {Wiz Int+2 Dex+4 Slay+4 SInv Stlth-} (You found it in an ice cave)
 13006 | D:12     | Found an opulent altar of Gozag.
 13217 | D:12     | Noticed Erolcha
 13222 | D:12     | Killed Erolcha
 13350 | D:12     | Noticed Erica
 13367 | D:12     | Killed Erica
 13466 | D:12     | Noticed Joseph
 13479 | D:12     | Killed Joseph
 13494 | D:12     | Noticed Harold
 13510 | D:12     | Killed Harold
 13823 | D:13     | Found a portal to a secret trove of treasure.
 14360 | D:13     | Found a gate to the Vaults.
 14360 | D:13     | Noticed a vault guard
 14360 | D:13     | Noticed a vault guard
 14360 | D:13     | Noticed a vault guard
 14364 | D:13     | Noticed a vault guard
 14378 | D:13     | Killed a vault guard
 14380 | D:13     | Reached skill level 16 in Axes
 14380 | D:13     | Killed a vault guard
 14390 | D:13     | Killed a vault guard
 14390 | D:13     | Killed a vault guard
 14770 | Orc:1    | Entered Level 1 of the Orcish Mines
 14783 | Orc:1    | Received a gift from Trog
 15005 | Orc:1    | Found Nejash's Armour Emporium.
 15026 | Orc:1    | Bought a +1 pair of gloves of dexterity for 165 gold pieces
 15492 | Orc:2    | Found a bloodstained altar of Trog.
 16483 | Orc:3    | Found a staircase to the Elven Halls.
 16607 | Orc:3    | Noticed an orc warlord
 16625 | Orc:3    | Killed an orc warlord
 16766 | Orc:3    | Found a roughly hewn altar of Beogh.
 17020 | Orc:4    | Entered Level 4 of the Orcish Mines
 17034 | Orc:4    | Noticed Nergalle
 17044 | Orc:4    | Killed Nergalle
 17044 | Orc:4    | Gained mutation: Your wings are large and strong. [gargoyle growth]
 17044 | Orc:4    | Reached XP level 14. HP: 92/92 MP: 14/14
 17123 | Orc:4    | Received a gift from Trog
 17239 | Orc:4    | Found Wuurphil's Armour Boutique.
 17257 | Orc:4    | Noticed Nessos
 17285 | Orc:4    | Killed Nessos
 17456 | Orc:4    | Found Alufays' General Store.
 17480 | Orc:4    | Found Dad Tah's Distillery.
 17919 | Orc:4    | Noticed a stone giant
 17932 | Orc:4    | Killed a stone giant
 17932 | Orc:4    | Reached skill level 17 in Axes
 17984 | Orc:4    | Received a gift from Trog
 18748 | Orc:4    | Found Ghapoq's Book Emporium.
 18748 | Orc:4    | Found a one-way gate leading to the halls of Pandemonium.
 18748 | Orc:4    | Found Ekuuriev's Antique Weapon Shoppe.
 18982 | Lair:1   | Entered Level 1 of the Lair of Beasts
 19128 | Lair:1   | Received a gift from Trog
 20319 | Lair:2   | Found a white marble altar of Elyvilon.
 20331 | Lair:2   | Reached skill level 18 in Axes
 21805 | Lair:4   | Found a staircase to the Shoals.
 21825 | Lair:4   | Received a gift from Trog
 22030 | Lair:4   | Reached XP level 15. HP: 97/97 MP: 15/15
 23298 | Lair:5   | Found a hole to the Spider Nest.
 24004 | Lair:6   | Received a gift from Trog
 24228 | Lair:6   | Reached skill level 19 in Axes
 24270 | Lair:6   | Gained mutation: You have large cloven feet. [potion of beneficial mutation]
 24975 | Lair:7   | Received a gift from Trog
 25546 | Lair:8   | Entered Level 8 of the Lair of Beasts
 26134 | Lair:8   | Got an ancient scale mail
 26145 | Lair:8   | Identified the +10 scale mail "Zyeleqoz" {+Twstr +Fly} (You found it on level 8 of the Lair of Beasts)
 26249 | Lair:8   | Received a gift from Trog
 26275 | Lair:8   | Found a staircase to the Slime Pits.
 26894 | Lair:8   | Found a runed door.
 27033 | Lair:8   | Reached XP level 16. HP: 84/105 MP: 16/16
 27127 | Lair:8   | Received a gift from Trog
 27529 | Spider:1 | Entered Level 1 of the Spider Nest
 27560 | Spider:1 | Reached skill level 20 in Axes
 27578 | Spider:1 | Received a gift from Trog
 28330 | D:13     | You paid a toll of 2 potions of cure mutation to enter a treasure trove
 28331 | Trove    | Entered a treasure trove
 28383 | Trove    | Got a pair of polished boots
 28394 | Trove    | Identified the +1 pair of boots "Boetaosk" {+Blink Str+3} (You found it in a treasure trove)
 28703 | D:14     | Received a gift from Trog
 28931 | D:14     | Found a runed gate.
 28932 | D:14     | Found a runed gate.
 28932 | D:14     | Found a runed gate.
 28953 | D:14     | Found a runed gate.
 28953 | D:14     | Found a runed gate.
 28953 | D:14     | Found a runed gate.
 28966 | D:14     | Got a pair of scorched boots
 28972 | D:14     | Identified the Collected Works on Evil Transmigration
 29011 | D:14     | Identified the cursed -1 pair of boots of Vehumet's Regard {*Tele Str+2 Int-3 Dex+4 Stlth+} (You found it on level 14 of the Dungeon)
 29306 | D:15     | Entered Level 15 of the Dungeon
 29362 | D:15     | Received a gift from Trog
 29716 | D:15     | Reached skill level 21 in Axes
 29896 | D:15     | Found a staircase to the Depths.
 30433 | D:15     | Reached XP level 17. HP: 106/112 MP: 17/17
 31136 | Lair:2   | Received a gift from Trog
 31695 | Spider:2 | Noticed Jorgrun
 31711 | Spider:2 | Killed Jorgrun
 32534 | Spider:3 | Reached skill level 15 in Fighting
 32548 | Spider:3 | Received a gift from Trog
 32752 | Spider:3 | Noticed Arachne
 32775 | Spider:3 | Killed Arachne
 32918 | Spider:3 | Upgraded the game from 0.16-a0-3661-g910cf96 to 0.16-a0-3684-g951c262
 32973 | Spider:3 | Received a gift from Trog
 33299 | Spider:3 | Reached skill level 22 in Axes
 33824 | Spider:4 | Received a gift from Trog
 33927 | Spider:5 | Entered Level 5 of the Spider Nest
 34850 | Spider:5 | Blown up by an orb spider

Action                   |  1- 3 |  4- 6 |  7- 9 | 10-12 | 13-15 | 16-18 || total
-------------------------+-------+-------+-------+-------+-------+-------++-------
Melee: Hand axe          |   104 |   107 |   300 |       |       |       ||   511
       War axe           |       |       |   211 |   497 |       |       ||   708
       Morningstar       |       |       |       |    32 |       |       ||    32
       Battleaxe         |       |       |       |   263 |   192 |       ||   455
       Executioner's axe |       |       |       |       |   996 |   803 ||  1799
Invok: Berserk           |     2 |     3 |     7 |     7 |    10 |     3 ||    32
       Trog's Hand       |       |     1 |       |     1 |       |     1 ||     3
       Brothers in Arms  |       |       |       |     4 |    10 |     3 ||    17
       Burn Spellbooks   |       |       |       |       |     2 |     1 ||     3
 Abil: Fly               |       |       |       |       |       |     1 ||     1
Evoke: Wand              |       |       |       |     2 |     5 |     2 ||     9
  Use: Scroll            |     4 |     2 |    13 |     9 |    21 |     9 ||    58
       Potion            |       |       |     1 |     4 |     3 |       ||     8
 Stab: Sleeping          |       |       |       |     1 |       |       ||     1
       Distracted        |       |       |       |       |     2 |     1 ||     3
       Held in net/web   |       |       |       |       |       |     2 ||     2
  Eat: Chunk             |     3 |     4 |    17 |    20 |    45 |    19 ||   108
       Pizza             |       |     1 |       |     3 |       |     1 ||     5
       Fruit             |       |       |     4 |     2 |    12 |     1 ||    19
       Royal jelly       |       |       |       |     1 |       |       ||     1
       Beef jerky        |       |       |       |     1 |     4 |     5 ||    10
